 Dungeon Sprint DCSS version 0.27-a0-93-g19769c27d7 (webtiles) character file.

Game seed: 17400253688591873239

5000000 rocky1 the Formicid Barricade (level 27, -23/249 HPs)
             Began as a Formicid Fighter on Jan 17, 2021.
             Was the Champion of Makhleb.
             Annihilated by a sculptor of flesh
             ... wielding a +9 great sword
              (272 damage)
             ... in the Dungeon (Sprint VIII: "Arena of Blood").
             The game lasted 00:06:18 (50 turns).

rocky1 the Formicid Barricade (Formicid Fighter)      Turns: 50, Time: 00:06:19

Health: -23/249    AC: 13    Str: 33    XL:     27
Magic:  22/47      EV: 24    Int:  9    God:    Makhleb [******]
Gold:   0          SH: 19    Dex: 10    Spells: 66/66 levels left

rFire    . . .     SeeInvis +   h - +∞ Axe of Woe
rCold    . . .     Faith    .   c - +0 kite shield
rNeg     . . .     Spirit   .   b - +0 scale mail
rPois    .         Reflect  .   (helmet unavailable)
rElec    .         Harm     .   (no cloak)
rCorr    .         Rampage  .   (no gloves)
Will     ++...                  (no boots)
Stlth    +++++++...             (no amulet)
HPRegen  0.51/turn              i - +30 ring of slaying
MPRegen  0.30/turn              j - +30 ring of slaying

@: no status effects
A: permanent stasis, dig shafts and tunnels, four strong arms, antennae 3
a: Dig, Renounce Religion, Minor Destruction, Lesser Servant of Makhleb, Major
Destruction, Greater Servant of Makhleb


You were in the Dungeon.
You worshipped Makhleb.
Makhleb was exalted by your worship.
You visited 1 branch

Inventory:

Hand Weapons
 a - a +0 war axe
 h - the +∞ Axe of Woe (weapon)
   (You found it in the Dungeon)
Armour
 b - a +0 scale mail (worn)
 c - a +0 kite shield (worn)
Jewellery
 i - a +30 ring of slaying (left hand)
 j - a +30 ring of slaying (right hand)
Potions
 d - a potion of might
 e - a potion of curing
 f - a potion of heal wounds
 g - 2 potions of magic


   Skills:
 O Level 27 Fighting
 + Level 20.2(23.1) Short Blades
 + Level 20.2(23.1) Long Blades
 O Level 27 Axes
 + Level 20.2(27) Maces & Flails
 + Level 20.2(27) Polearms
 + Level 20.2(25.5) Staves
 + Level 21.6(24.7) Slings
 + Level 17.5 Bows
 + Level 20.2 Crossbows
 + Level 20.2(23.1) Throwing
 O Level 27 Armour
 O Level 27 Dodging
 + Level 24.8 Stealth
 O Level 27 Shields
 + Level 20.2 Unarmed Combat
 + Level 20.2 Spellcasting
 + Level 20.6 Conjurations
 + Level 23.2 Hexes
 + Level 20.2 Summonings
 + Level 20.2 Necromancy
 + Level 18.8 Translocations
 + Level 21.6 Transmutations
 + Level 20.2 Fire Magic
 + Level 20.2 Ice Magic
 + Level 17.5 Air Magic
 + Level 25.3 Earth Magic
 O Level 27 Poison Magic
 O Level 27 Invocations
 + Level 23.6 Evocations


You had 66 spell levels left.
You didn't know any spells.
Your spell library was empty.

Dungeon Overview and Level Annotations

Branches:
Dungeon (1/1)

Altars:
Makhleb


Innate Abilities, Weirdness & Mutations

You cannot be hasted, slowed, berserked, paralysed or teleported.
You can dig through walls and to a lower floor.
Your four strong arms can wield two-handed weapons with a shield.
You have a pair of large antennae on your head. (SInv)


Message History

Your base Maces & Flails skill increases to level 20!
Your base Polearms skill increases to level 20!
Your base Staves skill increases to level 20!
Your Crossbows skill increases to level 20!
Your base Throwing skill increases to level 20!
Your Unarmed Combat skill increases to level 20!
Your Spellcasting skill increases to level 20!
Your Hexes skill increases to level 23!
Your Summonings skill increases to level 20!
Your Necromancy skill increases to level 20!
Your Fire Magic skill increases to level 20!
Your Ice Magic skill increases to level 20!
Your Earth Magic skill increases to level 25!
You have mastered Poison Magic!
Unknown command.
You hear a shout! x4
The bag of meat is engulfed in blazing flames.
The sculptor of flesh hits you with a +9 great sword!!!!!
Ouch! That really hurt!
You die...

o...... ..
.####.....##.##.
.O#...V............
...#..........#.#...
...#................
#..o#...............
.....#..))).........
.......)zz).........
.....o.o@xX)........
#.....§))#.))....#
...#..°)☼#.......#
#.....§###.......###.
............###......
....#.......{_.......
..#...V..o#..)..#....
. .......o#_.<._# ...
.#.......#.....# .


You could see a destroyer (wandering), 2 sculptors of flesh, a large
abomination, 3 bags of meat and a crawling corpse.

Vanquished Creatures
  6 vampire knights (D)
  16 ogres (D)
  3 two-headed ogres (D)
  A hydra (D)
  40 orcs (D)
  A skeletal warrior (D)
  5 large abominations (D)
  7 small abominations (D)
  A crawling corpse (D)
80 creatures vanquished.

Vanquished Creatures (others)
  3 crawling corpses (D)
3 creatures vanquished.

Grand Total: 83 creatures vanquished

Notes
Turn   | Place    | Note
-------+----------+-------------------------------------------
     0 | D        | Found the +∞ Axe of Woe
     0 | D        | rocky1 the Formicid Fighter began the quest for the Orb.
     0 | D        | Reached XP level 1. HP: 18/18 MP: 1/1
     1 | D        | Noticed a meat berserker
     2 | D        | Noticed a bag of meat
     4 | D        | Became a worshipper of Makhleb the Destroyer
     4 | D        | Noticed a bag of meat
     5 | D        | Killed a bag of meat
     5 | D        | Killed a meat berserker
     5 | D        | Reached * piety under Makhleb
     6 | D        | Reached XP level 2. HP: 52/52 MP: 2/2
     6 | D        | Reached XP level 3. HP: 59/59 MP: 3/3
     6 | D        | Reached XP level 4. HP: 66/66 MP: 4/4
     6 | D        | Reached XP level 5. HP: 73/73 MP: 5/5
     6 | D        | Reached XP level 6. HP: 80/80 MP: 6/6
     6 | D        | Reached XP level 7. HP: 87/87 MP: 7/7
     6 | D        | Reached XP level 8. HP: 94/94 MP: 8/8
     6 | D        | Reached XP level 9. HP: 101/101 MP: 9/9
     6 | D        | Reached XP level 10. HP: 108/108 MP: 10/10
     6 | D        | Reached XP level 11. HP: 115/115 MP: 11/11
     6 | D        | Reached XP level 12. HP: 122/122 MP: 12/12
     6 | D        | Reached XP level 13. HP: 129/129 MP: 13/13
     6 | D        | Reached XP level 14. HP: 136/136 MP: 14/14
     6 | D        | Noticed a bag of meat
     7 | D        | Noticed a bag of meat
     9 | D        | Noticed a bag of meat
     9 | D        | Noticed a bag of meat
    10 | D        | Killed a bag of meat
    10 | D        | Killed a bag of meat
    11 | D        | Reached skill level 15 in Axes
    11 | D        | Reached skill level 10 in Invocations
    11 | D        | Reached XP level 15. HP: 134/146 MP: 14/22
    11 | D        | Noticed a meat berserker
    11 | D        | Reached ** piety under Makhleb
    12 | D        | Reached skill level 10 in Dodging
    12 | D        | Reached XP level 16. HP: 156/156 MP: 14/25
    12 | D        | Noticed a meat berserker
    12 | D        | Noticed a meat berserker
    15 | D        | Noticed a meat berserker
    15 | D        | Noticed a large bag of meat
    16 | D        | Reached *** piety under Makhleb
    16 | D        | Noticed a meat berserker
    16 | D        | Noticed a meat berserker
    17 | D        | Reached skill level 27 in Shields
    17 | D        | Reached XP level 17. HP: 60/169 MP: 15/30
    17 | D        | Killed a meat berserker
    17 | D        | Killed a meat berserker
    17 | D        | Reached **** piety under Makhleb
    17 | D        | Noticed a meat berserker
    18 | D        | Reached skill level 27 in Fighting
    18 | D        | Reached skill level 27 in Armour
    18 | D        | Reached XP level 18. HP: 63/182 MP: 15/33
    18 | D        | Killed a meat berserker
    18 | D        | Reached ***** piety under Makhleb
    19 | D        | Reached skill level 27 in Invocations
    19 | D        | Reached XP level 19. HP: 189/189 MP: 15/36
    19 | D        | Reached XP level 20. HP: 197/197 MP: 15/37
    20 | D        | Reached skill level 27 in Axes
    21 | D        | Noticed a meat berserker
    21 | D        | Killed a meat berserker
    21 | D        | Killed a meat berserker
    22 | D        | Reached skill level 27 in Dodging
    22 | D        | Reached XP level 21. HP: 204/204 MP: 16/38
    22 | D        | Noticed a meat berserker
    24 | D        | Killed a meat berserker
    24 | D        | Reached ****** piety under Makhleb
    24 | D        | Killed a meat berserker
    24 | D        | Noticed a large bag of meat
    24 | D        | Noticed a meat berserker
    25 | D        | Reached skill level 10 in Slings
    25 | D        | Reached skill level 10 in Conjurations
    25 | D        | Reached skill level 10 in Transmutations
    25 | D        | Reached XP level 22. HP: 212/212 MP: 16/39
    25 | D        | Noticed a destroyer
    25 | D        | Noticed a destroyer
    26 | D        | Noticed a meat berserker
    26 | D        | Noticed a meat berserker
    27 | D        | Noticed a destroyer
    28 | D        | Killed a large bag of meat
    28 | D        | Killed a meat berserker
    29 | D        | Reached skill level 10 in Bows
    29 | D        | Reached skill level 15 in Stealth
    29 | D        | Reached skill level 10 in Air Magic
    29 | D        | Reached skill level 15 in Earth Magic
    29 | D        | Reached XP level 23. HP: 164/219 MP: 17/40
    29 | D        | Reached XP level 24. HP: 170/227 MP: 17/40
    29 | D        | Noticed a destroyer
    31 | D        | Reached skill level 15 in Hexes
    31 | D        | Reached skill level 15 in Evocations
    33 | D        | Reached XP level 25. HP: 234/234 MP: 18/40
    34 | D        | Reached skill level 15 in Slings
    34 | D        | Reached skill level 15 in Transmutations
    34 | D        | Noticed a destroyer
    35 | D        | Reached skill level 15 in Conjurations
    35 | D        | Killed a destroyer
    35 | D        | Noticed a large bag of meat
    36 | D        | Reached skill level 15 in Short Blades
    36 | D        | Reached skill level 15 in Long Blades
    36 | D        | Reached skill level 15 in Maces & Flails
    36 | D        | Reached skill level 15 in Polearms
    36 | D        | Reached skill level 15 in Staves
    36 | D        | Reached skill level 15 in Crossbows
    36 | D        | Reached skill level 15 in Throwing
    36 | D        | Reached skill level 15 in Unarmed Combat
    36 | D        | Reached skill level 15 in Spellcasting
    36 | D        | Reached skill level 15 in Summonings
    36 | D        | Reached skill level 15 in Necromancy
    36 | D        | Reached skill level 15 in Fire Magic
    36 | D        | Reached skill level 15 in Ice Magic
    36 | D        | Reached XP level 26. HP: 242/242 MP: 19/42
    37 | D        | Killed a large bag of meat
    38 | D        | Reached skill level 15 in Translocations
    39 | D        | Killed a destroyer
    39 | D        | Killed a destroyer
    40 | D        | Reached skill level 15 in Bows
    40 | D        | Reached skill level 15 in Air Magic
    40 | D        | Reached XP level 27. HP: 249/249 MP: 19/44
    42 | D        | Noticed a destroyer
    43 | D        | Killed a large bag of meat
    46 | D        | Killed a destroyer
    46 | D        | Killed a destroyer
    49 | D        | Killed a destroyer
    49 | D        | Noticed a destroyer
    50 | D        | Reached skill level 27 in Poison Magic
    50 | D        | Annihilated by a sculptor of flesh

Illustrated notes

Levels and vault maps discovered:
D:        meatsprint

Skill      XL: |  1  2  3  4  5  6  7  8  9 10 11 12 13 14 15 16 17 18 19 20 21 22 23 24 25 26 27 |
---------------+----------------------------------------------------------------------------------+-----
Fighting       | 20 22 25 27 | 27.0
Axes           | 13 15 18 22 26 27 | 27.0
Armour         | 21 22 23 25 27 | 27.0
Shields        | 22 24 27 | 27.0
Dodging        | 8 10 14 18 22 27 | 27.0
Invocations    | 10 12 18 23 27 | 27.0
Short Blades   | 9 12 13 15 17 20 | 20.2
Long Blades    | 9 12 13 15 17 20 | 20.2
Maces & Flails | 9 12 13 15 17 20 | 20.2
Polearms       | 9 12 13 15 17 20 | 20.2
Staves         | 9 12 13 15 17 20 | 20.2
Slings         | 10 13 14 16 19 21 | 21.6
Bows           | 8 10 11 13 15 17 | 17.5
Crossbows      | 9 12 13 15 17 20 | 20.2
Throwing       | 9 12 13 15 17 20 | 20.2
Stealth        | 12 15 17 19 21 24 | 24.8
Unarmed Combat | 9 12 13 15 17 20 | 20.2
Spellcasting   | 9 12 13 15 17 20 | 20.2
Conjurations   | 10 12 14 16 18 20 | 20.6
Hexes          | 11 14 16 18 20 23 | 23.2
Summonings     | 9 12 13 15 17 20 | 20.2
Necromancy     | 9 12 13 15 17 20 | 20.2
Translocations | 9 11 12 14 16 18 | 18.8
Transmutations | 10 13 14 16 19 21 | 21.6
Fire Magic     | 9 12 13 15 17 20 | 20.2
Ice Magic      | 9 12 13 15 17 20 | 20.2
Air Magic      | 8 10 11 13 15 17 | 17.5
Earth Magic    | 12 15 17 20 22 25 | 25.3
Poison Magic   | 13 17 19 21 23 27 | 27.0
Evocations     | 11 14 16 18 20 23 | 23.6

Action                   |  1- 3 |  4- 6 |  7- 9 | 10-12 | 13-15 | 16-18 | 19-21 | 22-24 | 25-27 || total
-------------------------+-------+-------+-------+-------+-------+-------+-------+-------+-------++-------
Melee: Executioner's axe |     1 |       |       |       |     2 |     4 |     3 |     4 |    16 ||    30
 Abil: Dig               |     1 |       |       |       |       |       |       |       |       ||     1
Armor: Scale mail        |       |       |       |       |       |       |       |       |     1 ||     1
Dodge: Dodged            |       |       |       |       |       |     1 |     1 |     1 |       ||     3
Block: Kite shield       |       |       |       |       |       |     1 |       |     4 |     3 ||     8

Table legend: (Time is in decaauts)
 A = Elapsed time spent in this place.
 B = Non-inter-level travel time spent in this place.
 C = Inter-level travel time spent in this place.
 D = Time resting spent in this place.
 E = Time spent auto-exploring this place.
 F = Levels seen in this place.
 G = Mean time per level.
                   A        B        C        D        E       F      G
               +--------+--------+--------+--------+--------+-----+--------+
         Total |     43 |     43 |      0 |      0 |      0 |   1 |   43.0 |
       Dungeon |     43 |     43 |      0 |      0 |      0 |   1 |   43.0 |
               +--------+--------+--------+--------+--------+-----+--------+

Top non-repeatable levels by time:
       D: 43 daAuts
